AoeStats
← hK | RanDoM

Four Lakes

509995643Analyzed
1v1 RM · 4d ago on Sep 29, 2026· 18m 7s· 2 players
Game mode
Random Map
Map size
Tiny (2 player)
Population
200
Speed
Normal
Resources
Standard
Victory
Conquest
Starting age
Dark Age
Ending age
Imperial Age
RankedLock teamsTeams togetherTeam positionsShared explorationLock speedFull tech treeHidden civsTurbo modeCheats
Victory
Defeat
🇲🇽 Japanese · Mexico
2116
+2
🇺🇸 Huns · United States
1608
-2
Pittmang
9:41 Loom
11:27 Feudal Age
17:49 Castle Age
16:15 Double-Bit Axe
16:44 Bloodlines
17:23 Scale Barding Armor
17:29 Forging
18:55 Chain Barding Armor
hK | RanDoM
7:24 Loom
10:20 Feudal Age
10:24 Man-at-Arms
11:44 Wheelbarrow
12:48 Double-Bit Axe
15:12 Fletching
18:05 Castle Age
Connection lost

Rejoining the realm…

Still unreachable

The connection could not be restored.

Session expired

The server has moved on; the page needs a fresh start.